 Dungeon Crawl Stone Soup version 0.20-a0-553-g9f38e11 (webtiles) character file.

2453 drasked the Thaumaturge (level 9, 0/57 HPs)
             Began as a Mummy Summoner on Feb 3, 2017.
             Was a Believer of Sif Muna.
             Slain by Snorg (1 damage)
             ... on level 10 of the Dungeon.
             The game lasted 01:06:42 (12416 turns).

drasked the Thaumaturge (Mummy Summoner)           Turns: 12416, Time: 01:06:43

Health: 0/57       AC:  3    Str: 11    XL:     9   Next: 25%
Magic:  10/21      EV: 12    Int: 18    God:    Sif Muna [**....]
Gold:   480        SH:  0    Dex: 12    Spells: 8/25 levels left

rFire    x . .     SeeInvis .   c - +0 short sword
rCold    + . .     Gourm    .   a - +0 robe
rNeg     + + +     Faith    .   (no shield)
rPois    ∞         Spirit   .   (no helmet)
rElec    .         Reflect  .   (no cloak)
rCorr    .         Harm     .   (no gloves)
MR       +....                  e - +0 pair of boots
Stlth    ++........             (no amulet)
Regen    0.2/turn               (no ring)
                                (no ring)

@: no status effects
A: no food or potions, fire vulnerability, cold resistance 1, negative energy
resistance 3, torment resistance, unbreathing
a: Divine Energy, Renounce Religion


You were on level 10 of the Dungeon.
You worshipped Sif Muna.
Sif Muna was pleased with you.
You were not hungry.

You visited 2 branches of the dungeon, and saw 10 of its levels.

You collected 480 gold pieces.

Inventory:

Hand Weapons
 c - a +0 short sword (weapon)
   (You took it off a kobold on level 1 of the Dungeon)
Missiles
 o - 2 tomahawks of dispersal {=f}
Armour
 a - a +0 robe (worn)
 e - a +0 pair of boots (worn)
   (You found it on level 1 of the Dungeon)
Jewellery
 n - a +6 ring of strength {unknown}
   (You found it on level 6 of the Dungeon)
Wands
 g - a wand of iceblast (6/15)
   (You found it on level 2 of the Dungeon)
 r - a wand of flame (30/48)
   (You found it on level 10 of the Dungeon)
Scrolls
 d - a scroll of fog {unknown}
 f - 4 scrolls of recharging {unknown}
 h - 3 scrolls of identify {unknown}
 i - 8 scrolls of remove curse {unknown}
 j - 4 scrolls of immolation {unknown}
 k - a scroll of enchant weapon {unknown}
 l - a scroll of magic mapping {unknown}
 m - a scroll of silence {unknown}
 p - a scroll of teleportation {unknown}
Books
 b - a book of Callings
Miscellaneous
 q - a phial of floods
   (You found it on level 10 of the Dungeon)


   Skills:
 - Level 1.5 Dodging
 - Level 1.5 Stealth
 - Level 8.6 Spellcasting
 + Level 7.1 Summonings
 - Level 4.8 Ice Magic
 + Level 3.1 Air Magic


You had 8 spell levels left.
You knew the following spells:

 Your Spells              Type           Power        Failure   Level  Hunger
a - Summon Small Mammal   Summ           ####         1%          1    N/A
b - Summon Guardian Gole  Hex/Summ       ###.....     10%         3    N/A
c - Call Imp              Summ           ####....     1%          2    N/A
d - Call Canine Familiar  Summ           ####....     1%          3    N/A
e - Summon Ice Beast      Ice/Summ       ####....     10%         4    N/A
f - Summon Lightning Spi  Summ/Air       ####....     14%         4    N/A

Dungeon Overview and Level Annotations

Branches:
Dungeon (10/15)            Temple (1/1) D:6
   Lair: D:8-11         Orc: D:9-12

Altars:
Ashenzari
Dithmenos
Fedhas
Gozag
Hepliaklqana
Kikubaaqudgha
Makhleb
Nemelex Xobeh
Okawaru
Qazlal
Ru
Sif Muna
Uskayaw
Vehumet
Xom
Yredelemnul

Shops:
D:5 ?[:(

Annotations:
D:4 Dowan, Duvessa
D:10 Snorg


Innate Abilities, Weirdness & Mutations

You do not eat or drink.
Your flesh is vulnerable to fire.
You are immune to poison.
Your flesh is cold resistant. (rC+)
You are immune to negative energy. (rN+++)
You are immune to unholy pain and torment.
You can survive without breathing.


Message History

Autochanneling using Sif.
Sif Muna stops granting you divine energy.
Autochanneling using Sif.
Sif Muna will now grant you divine energy when your reserves of magic are depleted.
You will briefly lose access to your magic after casting a spell in this manner.
You see here 2 arrows.
Health restored: 57
Things that are here:
a shortbow; 8 arrows Autochanneling using Sif.
Sif Muna stops granting you divine energy. (m)acro, (M)acro raw, keymap [(k) default, (x) level-map, (t)argeting, (c)onfirm, m(e)nu], (s)ave?
Input menu keymap trigger key: \{27} Input menu keymap action:
Okay, then. (m)acro, (M)acro raw, keymap [(k) default, (x) level-map, (t)argeting, (c)onfirm, m(e)nu], (s)ave?
Input default keymap trigger key: \{27} Input default keymap action:
Okay, then.
Autochanneling using Sif.
Sif Muna will now grant you divine energy when your reserves of magic are depleted.
You will briefly lose access to your magic after casting a spell in this manner.
Autochanneling using Sif.
Sif Muna stops granting you divine energy.
You start resting.
Your magical contamination has completely faded away.
You regained 3 mp, and now have 16/21 mp.
You start resting.
MP restored: 21 You swap places.
Things that are here:
a shortbow; 8 arrows
r - a wand of flame (?/48)
Found a stone staircase leading down.
An ogre comes into view. It is wielding a giant club.
The ogre shouts!
Snorg the Insatiable comes into view.
What are your orders? t - Shout!
Orders for allies: a - Attack new target. r - Retreat! s - Stop attacking. g - Guard the area. f - Follow me.
Anything else - Cancel.
Gang up on whom?
Aim: an ogre, wielding a giant club Attack!
Snorg shouts!
The ogre hits your wolf with a giant club!
Your wolf barely misses the ogre.
Your wolf bites the ogre.
The ogre hits your wolf with a giant club!
A chill wind blows around you.
Your wolf bites the ogre.
Your wolf barely misses the ogre.
You now have 17/21 mp.
An electric hum fills the air.
Your wolf completely misses the ogre.
The ogre misses your wolf.
You now have 13/21 mp.
A beastly little devil appears in a puff of flame.
Your lightning spire shoots out a bolt of lightning at Snorg!
The bolt of electricity hits Snorg.
You now have 11/21 mp.
Snorg goes berserk!
Your lightning spire shoots out a bolt of lightning at Snorg!
The bolt of electricity hits Snorg.
Snorg bites your lightning spire!! Snorg claws your lightning spire!!
Your lightning spire is destroyed!
Snorg rages.
You hear a shout!
Snorg closely misses your crimson imp. Snorg claws your crimson imp. x2
Snorg bites your crimson imp!!
Your crimson imp dies!
A chill wind blows around you. Something hits your ice beast!!
You now have 8/21 mp.
Snorg barely misses your wolf. x2; Snorg misses your wolf.
Your ice beast closely misses Snorg.
Your wolf bites Snorg!
You don't know that spell.
What are your orders? t - Shout!
Orders for allies: a - Attack new target. r - Retreat! s - Stop attacking. g - Guard the area. f - Follow me.
Anything else - Cancel.
Retreat in which direction?
Fall back!
Snorg barely misses your wolf. Snorg claws your wolf!
Your wolf dies!
Your wolf's corpse disappears in a puff of smoke!
The ogre barely misses your ice beast.
Snorg rages.
Snorg bites you!! Snorg claws you!!
* * * LOW HITPOINT WARNING * * *
Snorg claws you!
* * * LOW HITPOINT WARNING * * *
Something hits your ice beast!!
Your ice beast dies!
You take 52 damage, and have 5/57 hp.
MASSIVE DAMAGE!!
Snorg bites you.
* * * LOW HITPOINT WARNING * * *
Snorg claws you.
You die...

#.# #.###O# #.# #. #.#
##.# #.###.# ##..#
#.....##
###...##########.Y..####
..([...................+
###).(...###.........###
#.†.##.# #..##T#...#
##.#.##.# #..##@##..#
##..#()#.# #..##.# [.#
#.#...#..# #..##.. ..#
##...#.#.# #..###.#...
##...##.# #... ....##
#..###.# ##.. ....#
###......# .##.#
.....##### .. ######


You could see Snorg (berserk) and a friendly ice beast.

Vanquished Creatures
  An orc warrior (D:9)
  A centaur (D:4)
  An adder (D:2)
  A jackal (D:1)
  A kobold (D:2)
  A bat (D:1)
  2 rats
8 creatures vanquished.

Vanquished Creatures (collateral kills)
  A two-headed ogre (D:10)
  The ghost of Rhoefr the Skirmisher, a novice OpFi (D:6)
  6 yaks (D:9)
  Eustachio (D:6)
  Edmund (D:6)
  The ghost of DEFE the Ducker, an amateur DEAK of Lugonu (D:3)
  2 phantoms
  An orc warrior (Temple)
  2 black bears (D:6)
  2 ice beasts
  5 ogres
  2 centaurs
  A bullfrog (D:10)
  A wyvern zombie (D:9)
  A scorpion (D:7)
  4 crimson imps
  2 bullfrog zombies (D:5)
  A quasit (D:5)
  3 orc priests
  2 centaur skeletons (D:6)
  4 orc wizards
  5 iguanas
  Natasha (D:2)
  5 worker ants
  A howler monkey skeleton (D:4)
  9 adders
  2 shadow imps (D:10)
  3 oozes
  An adder skeleton (D:5)
  4 adder zombies
  5 worms
  2 dart slugs
  2 leopard geckos
  18 orcs
  2 ball pythons
  6 giant cockroaches
  9 goblins
  7 hobgoblins
  19 jackals
  8 kobolds
  2 quokkas
  10 bats
  4 frilled lizards
  A jackal skeleton (D:4)
  A leopard gecko zombie (D:5)
  5 rats
176 creatures vanquished.

Grand Total: 184 creatures vanquished

Notes
Turn   | Place    | Note
-------+----------+-------------------------------------------
     0 | D:1      | drasked the Mummy Summoner began the quest for the Orb.
     0 | D:1      | Reached XP level 1. HP: 13/13 MP: 4/4
   253 | D:1      | Reached skill level 3 in Spellcasting
   296 | D:1      | Reached XP level 2. HP: 19/19 MP: 6/6
   300 | D:1      | Learned a level 2 spell: Call Imp
  1176 | D:2      | Reached XP level 3. HP: 17/24 MP: 3/7
  1181 | D:2      | Learned a level 3 spell: Summon Guardian Golem
  1203 | D:2      | Noticed Natasha
  1505 | D:2      | Reached skill level 4 in Summonings
  1969 | D:2      | Reached XP level 4. HP: 28/30 MP: 5/9
  1974 | D:2      | Learned a level 3 spell: Call Canine Familiar
  2464 | D:2      | Killed Natasha
  2804 | D:3      | Reached skill level 4 in Spellcasting
  2851 | D:3      | Found a shimmering altar of Xom.
  2851 | D:3      | Found a burning altar of Makhleb.
  3301 | D:3      | Noticed DEFE's ghost (amateur DEAK)
  3385 | D:3      | Killed DEFE's ghost
  3385 | D:3      | Reached XP level 5. HP: 35/35 MP: 1/12
  3792 | D:3      | Noticed a phantom
  3921 | D:3      | Killed a phantom
  3921 | D:3      | Reached skill level 5 in Spellcasting
  3921 | D:3      | Reached skill level 5 in Summonings
  4100 | D:4      | Noticed an ogre
  4110 | D:4      | HP: 6/35 [ogre/giant spiked club (14)]
  4133 | D:4      | Killed an ogre
  4133 | D:4      | Reached XP level 6. HP: 11/41 MP: 4/13
  4244 | D:4      | HP: 9/41 [centaur/arrow (12)]
  4250 | D:4      | HP: 1/41 [centaur (9)]
  4705 | D:4      | Learned a level 4 spell: Summon Ice Beast
  5086 | D:4      | Noticed Dowan
  5670 | D:4      | Found a hide-covered altar of Uskayaw.
  5738 | D:4      | Found a basalt altar of Yredelemnul.
  5828 | D:4      | Found a sparkling altar of Nemelex Xobeh.
  5829 | D:4      | Found an opulent altar of Gozag.
  5889 | D:4      | Noticed Duvessa
  6160 | D:5      | Entered Level 5 of the Dungeon
  6386 | D:5      | Found Domauv's Magic Scroll Boutique.
  6420 | D:5      | Reached skill level 6 in Summonings
  6420 | D:5      | Reached XP level 7. HP: 46/46 MP: 6/15
  6763 | D:5      | Reached skill level 6 in Spellcasting
  6826 | D:5      | Found Vuxoavei's Book Boutique.
  6833 | D:5      | Found Vaulo's Antique Armour Shoppe.
  6905 | D:5      | Found Keoqez's Antique Weapon Boutique.
  7423 | D:5      | Found a stormy altar of Qazlal.
  7426 | D:5      | Found a hazy altar of Hepliaklqana.
  7432 | D:5      | Found a shadowy altar of Dithmenos.
  7639 | D:6      | Noticed Eustachio
  7666 | D:6      | Killed Eustachio
  7792 | D:6      | Found a staircase to the Ecumenical Temple.
  7800 | Temple   | Entered the Ecumenical Temple
  7925 | Temple   | Became a worshipper of Sif Muna the Loreminder
  8263 | D:6      | Noticed Rhoefr's ghost (novice OpFi)
  8290 | D:6      | Killed Rhoefr's ghost
  8290 | D:6      | Reached skill level 7 in Summonings
  8374 | D:6      | Found a shattered altar of Ashenzari.
  8576 | D:6      | Reached skill level 7 in Spellcasting
  8576 | D:6      | Reached XP level 8. HP: 22/52 MP: 9/18
  9156 | D:6      | Reached skill level 1 in Ice Magic
  9325 | D:6      | Reached * piety under Sif Muna
  9419 | D:6      | Noticed Edmund
  9478 | D:6      | Killed Edmund
  9905 | D:7      | Reached skill level 2 in Ice Magic
 10059 | D:7      | You fall through a shaft for 3 floors!
 10059 | D:10     | Entered Level 10 of the Dungeon
 10188 | D:9      | HP: 11/52 [orc warrior/scimitar (20)]
 10204 | D:9      | Reached skill level 8 in Spellcasting
 10829 | D:9      | Reached skill level 3 in Ice Magic
 10840 | D:9      | Learned a level 4 spell: Summon Lightning Spire
 10904 | D:9      | Reached ** piety under Sif Muna
 10904 | D:9      | Reached skill level 1 in Air Magic
 10941 | D:9      | Reached skill level 4 in Ice Magic
 11204 | D:9      | Reached skill level 2 in Air Magic
 11204 | D:9      | Reached XP level 9. HP: 57/57 MP: 8/21
 11756 | D:10     | Noticed a two-headed ogre
 11776 | D:10     | Killed a two-headed ogre
 11826 | D:10     | Reached skill level 3 in Air Magic
 12397 | D:10     | Noticed Snorg
 12414 | D:10     | HP: 14/57 [Snorg (21)]
 12414 | D:10     | HP: 5/57 [Snorg (9)]
 12416 | D:10     | HP: 1/57 [Snorg (5)]
 12416 | D:10     | Slain by Snorg

Vault maps used:
D:1:      matt_arrival_diagonals, minmay_tripent
D:2:      first_bread, minmay_misc_feat_ornament, minmay_hexomino_u4,
          uniq_natasha
D:3:      minmay_door_path, grunt_temple_overflow_champion_of_chaos
D:4:      grunt_temple_overflow_opulence, nicolae_overflow_hidden_temple,
          minmay_misc_feat_cross, uniq_duvessa
D:5:      grunt_temple_overflow_diamond, serial_shops, shop, shop,
          nicolae_shop_overgrown_old_shop, nicolae_shop_waterfront
D:6:      lemuel_crystal_altar, minmay_temple_entry_butterflies, uniq_eustachio,
          uniq_edmund
D:7:      nicolae_ossuary_entry_monument, grunt_ogre_cave
D:10:     serial_shops, shop, uniq_urug, uniq_snorg, uniq_erolcha
Temple:   compressed_dpeg_triangle_lava_temple

Skill      XL: |  1  2  3  4  5  6  7  8  9 |
---------------+----------------------------+-----
Spellcasting   | 3 4 5 7 8 |  8.6
Summonings     | 4 5 6 7 |  7.1
Ice Magic      | 4 |  4.8
Air Magic      | 2 3 |  3.1
Dodging        | |  1.5
Stealth        | |  1.5

Action                   |  1- 3 |  4- 6 |  7- 9 || total
-------------------------+-------+-------+-------++-------
Melee: Short sword       |    26 |    13 |     2 ||    41
 Cast: Summon Small Mamm |    19 |       |     1 ||    20
       Call Imp          |    34 |    54 |    84 ||   172
       Summon Guardian G |     3 |     2 |       ||     5
       Call Canine Famil |       |    40 |    51 ||    91
       Summon Ice Beast  |       |     5 |    29 ||    34
       Summon Lightning  |       |       |    10 ||    10
Invok: Divine Energy     |       |       |    50 ||    50
       Stop Divine Energ |       |       |    50 ||    50
Evoke: Wand              |       |       |     1 ||     1
 Stab: Distracted        |       |     1 |       ||     1
Armor: Robe              |    23 |    21 |    10 ||    54
Dodge: Dodged            |    63 |    41 |    35 ||   139

Vault maps used:
D:1:      matt_arrival_diagonals, minmay_tripent
D:2:      first_bread, minmay_misc_feat_ornament, minmay_hexomino_u4,
          uniq_natasha
D:3:      minmay_door_path, grunt_temple_overflow_champion_of_chaos
D:4:      grunt_temple_overflow_opulence, nicolae_overflow_hidden_temple,
          minmay_misc_feat_cross, uniq_duvessa
D:5:      grunt_temple_overflow_diamond, serial_shops, shop, shop,
          nicolae_shop_overgrown_old_shop, nicolae_shop_waterfront
D:6:      lemuel_crystal_altar, minmay_temple_entry_butterflies, uniq_eustachio,
          uniq_edmund
D:7:      nicolae_ossuary_entry_monument, grunt_ogre_cave
D:10:     serial_shops, shop, uniq_urug, uniq_snorg, uniq_erolcha
Temple:   compressed_dpeg_triangle_lava_temple

Table legend:
 A = Turns spent in this place as a percentage of turns spent in the entire game.
 B = Non-inter-level travel turns spent in this place as a percentage of non-inter-level travel turns spent in the entire game.
 C = Inter-level travel turns spent in this place as a percentage of turns spent in this place.
 D = Turns resting spent in this place as a percentage of non-inter-level travel turns spent in this place.
 E = Turns spent auto-exploring this place as a percentage of non-inter-level travel turns spent in this place.
 F = Non-inter-level travel turns spent in this place divided by the number of levels of this place that you've seen.
                   A       B       C       D       E      F
               +-------+-------+-------+-------+-------+----------------------
         Total | 100.0 | 100.0 |   1.9 |   4.5 |   4.3 | 467.4
       Dungeon |  99.0 |  99.0 |   1.9 |   4.5 |   4.3 | 514.3
        Temple |   1.0 |   1.0 |   2.2 |   4.4 |   2.2 |  45.0
               +-------+-------+-------+-------+-------+----------------------

Table legend:
 A = Kills in this place as a percentage of kills in entire the game.
 B = Kills by you in this place as a percentage of kills by you in the entire game.
 C = Kills by friends in this place as a percentage of kills by friends in the entire game.
 D = Other kills in this place as a percentage of other kills in the entire game.
 E = Experience gained in this place as a percentage of experience gained in the entire game.
 F = Experience gained in this place divided by the number of levels of this place that you have seen.
                   A       B       C       D       E      F
               +-------+-------+-------+-------+-------+----------------------
         Total | 100.0 | 100.0 | 100.0 |  -nan | 100.0 | 350.5
       Dungeon |  99.5 | 100.0 |  99.4 |  -nan |  98.1 | 382.2
        Temple |   0.5 |   0.0 |   0.6 |  -nan |   1.9 |  65.0
               +-------+-------+-------+-------+-------+----------------------
